 Dungeon Crawl Stone Soup version 0.29.1-1-gd02db6906a (webtiles) character file.

Game seed: 16553084228199017284

735 Leon the Stinger (level 8, -3/57 HPs)
             Began as a Meteoran Venom Mage on Sept 26, 2022.
             Was a Follower of Sif Muna.
             Slain by Maggie
             ... wielding a +0 long sword
              (9 damage)
             ... on level 6 of the Dungeon.
             The game lasted 00:21:34 (2387 turns).

Leon the Stinger (Meteoran Venom Mage)              Turns: 2387, Time: 00:21:35

Health: -3/57      AC:  3    Str: 10    XL:     8   Next: 24%
Magic:  10/13      EV: 12    Int: 19    God:    Sif Muna [*.....]
Gold:   168        SH:  0    Dex:  9    Spells: 1/12 levels left

rFire   . . .      SeeInvis .   q - +10 whip of the Moon {flame, *Slow rElec Will+++ Dex-5}
rCold   . . .      Faith    .   (no shield)
rNeg    . . .      Spirit   .   a - +0 robe
rPois   .          Reflect  .   (no helmet)
rElec   +          Harm     .   (no cloak)
rCorr   .          Rampage  .   e - +0 pair of gloves
Will    ++++.                   (no boots)
Stlth   +.........              (no amulet)
HPRegen 0.19/turn               t - +4 ring of slaying
MPRegen 0.13/turn               (no ring)

@: about to teleport, glowing
A: sense surroundings 2, otherworldly, glowing, explore regen
a: Renounce Religion, Channel Magic


You were on level 6 of the Dungeon.
You worshipped Sif Muna.
Sif Muna was aware of your devotion.
You visited 1 branch of the dungeon, and saw 6 of its levels.

You collected 168 gold pieces.

Inventory:

Hand Weapons
 f - a +2 dagger of holy wrath
   (You took it off a kobold on level 2 of the Dungeon)
 q - the +10 whip of the Moon (weapon) {flame, *Slow rElec Will+++ Dex-5}
   (You found it on level 3 of the Dungeon)

   It burns those it strikes, dealing additional fire damage.
   Dex:       It affects your dexterity (-5).
   rElec:     It insulates you from electricity.
   *Slow:     It may slow you when you take damage.
   Will:      It greatly increases your willpower.
Armour
 a - a +0 robe (worn)
 e - a +0 pair of gloves (worn)
   (You found it on level 1 of the Dungeon)
 r - the +4 chain mail of the Original Sin {Fly rF+ Slay+3}
   (You found it on level 3 of the Dungeon)

   Slay:      It affects your accuracy & damage with ranged weapons and melee
   (+3).
   rF:        It protects you from fire.
   Fly:       It grants you flight.
Jewellery
 t - a +4 ring of slaying (left hand)
   (You found it on level 6 of the Dungeon)
Wands
 d - a wand of mindburst (3)
   (You found it on level 5 of the Dungeon)
Scrolls
 c - 2 scrolls of enchant weapon {unknown}
 g - a scroll of teleportation
 h - a scroll of enchant armour {unknown}
 k - 5 scrolls of identify {unknown}
 l - a scroll of acquirement {unknown}
 m - 2 scrolls of immolation {unknown}
 o - a scroll of poison {unknown}
 s - 2 scrolls of fear {unknown}
Potions
 b - 3 potions of magic
 i - a potion of mutation
 n - a potion of lignification {unknown}
 p - a potion of might {unknown}


   Skills:
 - Level 1.6 Short Blades
 - Level 2.4 Dodging
 - Level 2.0 Stealth
 - Level 2.6 Spellcasting
 + Level 4.9 Conjurations
 - Level 1.2 Transmutations
 + Level 4.9 Fire Magic
 - Level 7.0 Poison Magic


You had one spell level left.
You knew the following spells:

 Your Spells              Type           Power      Damage    Failure   Level
a - Sting                 Tmut/Pois      72%        1d6       3%          1
b - Poisonous Vapours     Pois/Air       30%        N/A       5%          2
c - Fireball              Conj/Fire      10%        3d6       50%         5
d - Stone Arrow           Conj/Erth      22%        3d8       17%         3

Your spell library contained the following spells:

 Spells                   Type           Power      Damage    Failure   Level
 Beastly Appendage        Tmut           14%        N/A       10%         1
 Sandblast                Erth           4%         2d4       16%         1
 Spider Form              Tmut/Pois      18%        N/A       9%          3
 Olgreb's Toxic Radiance  Pois           29%        N/A       9%          4
 Mephitic Cloud           Conj/Pois/Air  17%        N/A       10%         3
 Wereblood                Tmut           7%         N/A       14%         2
 Passwall                 Tmut/Erth      3%         N/A       19%         2
 Blink                    Tloc           4%         N/A       24%         2
 Confusing Touch          Hex            2%         N/A       43%         3
 Starburst                Conj/Fire      10%        6d5       97%         6
 Yara's Violent Unravell  Hex/Tmut       2%         3d3       98%         5
 Manifold Assault         Tloc           2%         N/A       99%         5
 Enfeeble                 Hex            1%         N/A       100%        7
 Storm Form               Tmut/Air       2%         N/A       100%        7
 Ignition                 Fire           10%        3d5       100%        8


Dungeon Overview and Level Annotations

Branches:
Dungeon (6/15) Zot: 1197
 Temple: D:4-7

Altars:
Sif Muna
Xom
Yredelemnul

Shops:
D:2 [   D:5 =

Annotations:
D:3 1 runed translucent door, Crazy Yiuf
D:4 1 runed translucent door, MrElixer's ghost, amateur MiBe
D:5 exclusion: downstairs
D:6 Maggie


Innate Abilities, Weirdness & Mutations

You passively map the area around you.
You are easily found by Zot.
You glow in the dark.
You regain HP and MP as you explore.


Message History

Press: ? - help, Dir - move target, f - giant cockroach
Aim: a giant cockroach You miscast Poisonous Vapours.
You are very lightly contaminated with residual magic.
Nothing appears to happen.
The ball python hisses angrily.
You hear a shout!
A giant cockroach comes into view.
An adder comes into view.
Casting: Poisonous Vapours (safe; 8% risk of failure)
Confirm with . or Enter, or press ? or * to list all spells.
Aiming: Poisonous Vapours (safe; 8% risk of failure)
Press: ? - help, Dir - move target, f/p - giant cockroach
Aim: a giant cockroach
Okay, then.
The ball python hisses angrily.
Casting: Poisonous Vapours (safe; 8% risk of failure)
Confirm with . or Enter, or press ? or * to list all spells.
Aiming: Sting (safe; 3% risk of failure)
Press: ? - help, Shift-Dir - straight line, f/p - giant cockroach
Aim: a giant cockroach (74% to hit)
The sting hits the giant cockroach.
The giant cockroach is poisoned.
The giant cockroach is heavily wounded.
Your magical contamination has completely faded away.
You kill the giant cockroach!
Sif Muna accepts your kill. The giant cockroach closely misses you.
You whack the giant cockroach! You burn the giant cockroach.
You kill the giant cockroach!
Sif Muna accepts your kill.
You closely miss the ball python. The ball python bites you.
The ball python grabs you. The ball python constricts you.
You closely miss the ball python. The ball python bites you.
The ball python constricts you. The ball python bites you.
The ball python constricts you.
You whack the ball python! You burn the ball python.
You kill the ball python!
Sif Muna accepts your kill.
Casting: Sting (safe; 3% risk of failure)
Confirm with . or Enter, or press ? or * to list all spells.
Aiming: Poisonous Vapours (safe; 8% risk of failure)
Press: ? - help, Dir - move target, f - adder
Aim: an adder (wandering, hasn't noticed you) Poisonous vapours surround the adder!
The adder is poisoned.
The adder hisses angrily.
Casting: Poisonous Vapours (safe; 8% risk of failure)
Confirm with . or Enter, or press ? or * to list all spells.
Aiming: Poisonous Vapours (safe; 8% risk of failure)
Press: ? - help, Dir - move target, f/p - adder
Aim: an adder (poisoned) Poisonous vapours surround the adder!
The adder looks even sicker.
A gnoll bouda comes into view. It is wielding a +0 whip.
The adder attacks as you move away! The adder bites you but does no damage.
You miss the adder.
The adder is severely wounded.
The adder bites you but does no damage.
You miss the adder.
The adder is almost dead.
You kill the adder!
Sif Muna accepts your kill.
You barely miss the ball python. The ball python bites you.
The ball python grabs you. The ball python constricts you.
You barely miss the ball python. The ball python bites you.
The ball python constricts you.
The ball python bites you but does no damage.
The ball python constricts you.
You hit the ball python. You burn the ball python.
You kill the ball python!
Sif Muna accepts your kill.
You start waiting.
Magic restored.
You see here a ball python corpse.
The gnoll bouda shouts!
You hear an angry hiss.
An iguana comes into view.
The gnoll bouda hits you with a +0 whip!
Casting: Poisonous Vapours (safe; 8% risk of failure)
Confirm with . or Enter, or press ? or * to list all spells.
Aiming: Sting (safe; 3% risk of failure)
Press: ? - help, Shift-Dir - straight line, f - gnoll bouda
Aim: a gnoll bouda, wielding a +0 whip and wearing a +0 leather armour (77% to hit)
The sting hits the gnoll bouda.
The gnoll bouda is poisoned.
The gnoll bouda is lightly wounded.
The gnoll bouda hits you with a +0 whip.
Casting: Sting (safe; 3% risk of failure)
Confirm with . or Enter, or press ? or * to list all spells.
Aiming: Poisonous Vapours (safe; 8% risk of failure)
Press: ? - help, Dir - move target, f/p - gnoll bouda
Aim: a gnoll bouda, wielding a +0 whip and wearing a +0 leather armour (lightly wounded, poisoned) Poisonous vapours surround the gnoll bouda!
The gnoll bouda looks even sicker.
The gnoll bouda hits you with a +0 whip!
* * * LOW HITPOINT WARNING * * *
You aren't carrying any items that you can evoke.
Okay, then.
Okay, then.
It was a potion of ambrosia.
You are confused.
You feel invigorated.
The gnoll bouda gazes fiercely through you!
You feel your attacks grow feeble.
The gnoll bouda hits you with a +0 whip.
* * * LOW HITPOINT WARNING * * *
You whack the gnoll bouda! You burn the gnoll bouda.
The gnoll bouda is almost dead.
The gnoll bouda hits you but does no damage.
You bump into the rock wall.
The gnoll bouda hits you with a +0 whip.
* * * LOW HITPOINT WARNING * * *
You hit the gnoll bouda but do no damage.
The gnoll bouda is almost dead.
The gnoll bouda prays to its god.
The gnoll bouda is healed somewhat.
You bump into the rock wall.
The gnoll bouda hits you with a +0 whip.
You bump into the rock wall.
The gnoll bouda closely misses you.
You whack the gnoll bouda! You burn the gnoll bouda.
You kill the gnoll bouda!
Sif Muna accepts your kill.
You feel less invigorated.
You feel less confused.
Your Conjurations skill increases to level 1!
Your Fire Magic skill increases to level 1!
Your Poison Magic skill increases to level 6!
You have reached level 6!
You feel clever.
Unknown command.
Unknown command.
Casting: Poisonous Vapours (safe; 7% risk of failure)
Confirm with . or Enter, or press ? or * to list all spells.
Aiming: Poisonous Vapours (safe; 7% risk of failure)
Press: ? - help, Dir - move target, f - iguana
Aim: an iguana Poisonous vapours surround the iguana!
The iguana is poisoned.
Your attacks no longer feel as feeble.
The iguana closely misses you.
Casting: Poisonous Vapours (safe; 7% risk of failure)
Confirm with . or Enter, or press ? or * to list all spells.
Aiming: Poisonous Vapours (safe; 7% risk of failure)
Press: ? - help, Dir - move target, f/p - iguana
Aim: an iguana (lightly wounded, poisoned) Poisonous vapours surround the iguana!
The iguana looks even sicker.
The iguana closely misses you.
Casting: Poisonous Vapours (safe; 7% risk of failure)
Confirm with . or Enter, or press ? or * to list all spells.
Aiming: Poisonous Vapours (safe; 7% risk of failure)
Press: ? - help, Dir - move target, f/p - iguana
Aim: an iguana (lightly wounded, very poisoned) Poisonous vapours surround the iguana!
The iguana looks even sicker.
The iguana bites you!
Casting: Poisonous Vapours (safe; 7% risk of failure)
Confirm with . or Enter, or press ? or * to list all spells.
Aiming: Sting (safe; 3% risk of failure)
Press: ? - help, Shift-Dir - straight line, f/p - iguana
Aim: an iguana (moderately wounded, very poisoned, 77% to hit)
The sting hits the iguana but does no damage.
The iguana looks as sick as possible!
The iguana is moderately wounded.
The iguana barely misses you.
Casting: Sting (safe; 3% risk of failure)
Confirm with . or Enter, or press ? or * to list all spells.
Aiming: Sting (safe; 3% risk of failure)
Press: ? - help, Shift-Dir - straight line, f/p - iguana
Aim: an iguana (severely wounded, extremely poisoned, 77% to hit)
The sting hits the iguana.
The iguana looks as sick as possible!
The iguana is severely wounded.
The iguana bites you!
* * * LOW HITPOINT WARNING * * *
Casting: Sting (safe; 3% risk of failure)
Confirm with . or Enter, or press ? or * to list all spells.
Aiming: Sting (safe; 3% risk of failure)
Press: ? - help, Shift-Dir - straight line, f/p - iguana
Aim: an iguana (severely wounded, extremely poisoned, 77% to hit)
The sting hits the iguana.
The iguana looks as sick as possible!
You kill the iguana!
Sif Muna accepts your kill.
Items here: ) [ ††.
You open the door.
Found a shimmering altar of Xom.
Found 7 gold pieces.
You enter the shallow water.
Moving in this stuff is going to be slow.
Really walk into a travel-excluded area? [Y]es or [N]o only, please.
Really walk into a travel-excluded area?
Okay, then.
There is a stone staircase leading down here.
Items here: ) [ ††.
Items here: ) [ ††.
There is a stone staircase leading down here.
You climb downwards.
There is a stone staircase leading up here.
An adder comes into view.
Found a ring mail.
The adder hisses angrily.
You see here 16 gold pieces.
Casting: Sting (safe; 3% risk of failure)
Confirm with . or Enter, or press ? or * to list all spells.
Aiming: Poisonous Vapours (safe; 7% risk of failure)
Press: ? - help, Dir - move target, f - adder
Aim: an adder Poisonous vapours surround the adder!
The adder is poisoned.
Casting: Poisonous Vapours (safe; 7% risk of failure)
Confirm with . or Enter, or press ? or * to list all spells.
Aiming: Poisonous Vapours (safe; 7% risk of failure)
Press: ? - help, Dir - move target, f/p - adder
Aim: an adder (poisoned) Poisonous vapours surround the adder!
The adder looks even sicker.
Casting: Poisonous Vapours (safe; 7% risk of failure)
Confirm with . or Enter, or press ? or * to list all spells.
Aiming: Sting (safe; 3% risk of failure)
Press: ? - help, Shift-Dir - straight line, f/p - adder
Aim: an adder (lightly wounded, very poisoned, 57% to hit)
The sting hits the adder but does no damage.
The adder looks even sicker.
The adder is lightly wounded.
The adder bites you.
You are poisoned.
The adder poisons you!
Casting: Sting (safe; 3% risk of failure)
Confirm with . or Enter, or press ? or * to list all spells.
Aiming: Sting (safe; 3% risk of failure)
Press: ? - help, Shift-Dir - straight line, f/p - adder
Aim: an adder (heavily wounded, very poisoned, 57% to hit)
The sting hits the adder.
The adder looks as sick as possible!
The adder is severely wounded.
You feel sick. The adder bites you.
You are more poisoned.
The adder poisons you!
You feel very sick.
You kill the adder!
Sif Muna accepts your kill.
You feel sick.
You now have 155 gold pieces (gained 16).
You feel sick.
You feel sick.
You feel sick.
You feel sick.
You feel sick.
You feel sick.
You feel sick.
You are no longer poisoned.
A phantom comes into view.
There is a stone staircase leading up here.
You climb upwards.
Level annotation: 1 runed translucent door, MrElixer's ghost, amateur MiBe
There is a stone staircase leading down here.
Items here: ) [ ††.
You see here a ball python corpse.
There is an open door here.
An adder comes into view.
Casting: Sting (safe; 3% risk of failure)
Confirm with . or Enter, or press ? or * to list all spells.
You don't know that spell.
Casting: Sting (safe; 3% risk of failure)
Confirm with . or Enter, or press ? or * to list all spells.
Aiming: Poisonous Vapours (safe; 7% risk of failure)
Press: ? - help, Dir - move target, f - adder
Aim: an adder (asleep) Poisonous vapours surround the adder!
The adder is poisoned.
The adder hisses angrily.
Casting: Poisonous Vapours (safe; 7% risk of failure)
Confirm with . or Enter, or press ? or * to list all spells.
Aiming: Poisonous Vapours (safe; 7% risk of failure)
Press: ? - help, Dir - move target, f/p - adder
Aim: an adder (lightly wounded, poisoned) Poisonous vapours surround the adder!
The adder looks even sicker.
Casting: Poisonous Vapours (safe; 7% risk of failure)
Confirm with . or Enter, or press ? or * to list all spells.
You can't see any susceptible monsters within range! (Use Z to cast anyway.) Unknown command.
Casting: Poisonous Vapours (safe; 7% risk of failure)
Confirm with . or Enter, or press ? or * to list all spells.
Aiming: Sting (safe; 3% risk of failure)
Press: ? - help, Shift-Dir - straight line, f/p - adder
Aim: an adder (heavily wounded, very poisoned, 57% to hit)
The sting hits the adder but does no damage.
The adder looks even sicker.
The adder is heavily wounded.
You barely miss the adder.
The adder is heavily wounded.
The adder misses you. The adder bites you but does no damage.
You closely miss the adder.
The adder is almost dead.
The adder bites you.
You are poisoned.
The adder poisons you!
You whack the adder! You burn the adder.
You kill the adder!
Sif Muna accepts your kill.
You feel sick.
You feel sick.
You see here an adder corpse.
You feel sick.
You feel sick.
You feel sick.
You feel sick.
You are no longer poisoned.
There is a shaft here.
You fall into a shaft and drop 1 floor!
The shaft crumbles and collapses.
Found a pink potion.
j - 2 pink potions (gained 1)
An orc comes into view. It is wielding a +0 flail.
The orc shouts!
An orc comes into view. It is wielding a +0 club.
An orc comes into view. It is wielding a +0 whip.
An orc priest comes into view. It is wielding a +0 dagger.
The orc moves out of view.
An orc comes into view. It is wielding a +0 club.
The orc priest shouts!
The orc shouts! x2
Casting: Sting (safe; 3% risk of failure)
Confirm with . or Enter, or press ? or * to list all spells.
Aiming: Poisonous Vapours (safe; 7% risk of failure)
Press: ? - help, Dir - move target, f - orc priest
Aim: an orc priest, wielding a +0 dagger and wearing a +0 scale mail Poisonous vapours surround the orc priest!
The orc priest is poisoned.
Casting: Poisonous Vapours (safe; 7% risk of failure)
Confirm with . or Enter, or press ? or * to list all spells.
Aiming: Poisonous Vapours (safe; 7% risk of failure)
Press: ? - help, Dir - move target, f/p - orc priest
Aim: an orc priest, wielding a +0 dagger and wearing a +0 scale mail (lightly wounded, poisoned)
You miscast Poisonous Vapours.
You are very lightly contaminated with residual magic.
Nothing appears to happen.
Casting: Poisonous Vapours (safe; 7% risk of failure)
Confirm with . or Enter, or press ? or * to list all spells.
Aiming: Poisonous Vapours (safe; 7% risk of failure)
Press: ? - help, Dir - move target, f/p - orc priest
Aim: an orc priest, wielding a +0 dagger and wearing a +0 scale mail (lightly wounded, poisoned) Poisonous vapours surround the orc priest!
The orc priest looks even sicker.
The orc priest casts a cantrip, but nothing happens.
The orc attacks as you move away! The orc closely misses you.
The orc attacks as you move away! The orc hits you with a +0 club.
Casting: Poisonous Vapours (safe; 7% risk of failure)
Confirm with . or Enter, or press ? or * to list all spells.
Aiming: Poisonous Vapours (safe; 7% risk of failure)
Press: ? - help, Dir - move target, f/p - orc priest
Aim: an orc priest, wielding a +0 dagger and wearing a +0 scale mail (heavily wounded, poisoned) Poisonous vapours surround the orc priest!
The orc priest looks even sicker.
The orc barely misses you.
Your magical contamination has completely faded away.
Casting: Poisonous Vapours (safe; 7% risk of failure)
Confirm with . or Enter, or press ? or * to list all spells.
Aiming: Poisonous Vapours (safe; 7% risk of failure)
Press: ? - help, Dir - move target, f/p - orc priest
Aim: an orc priest, wielding a +0 dagger and wearing a +0 scale mail (heavily wounded, very poisoned) Poisonous vapours surround the orc priest!
The orc priest looks even sicker.
The orc hits you with a +0 club.
You whack the orc! You burn the orc.
You kill the orc!
Sif Muna accepts your kill.
You hit the orc. You burn the orc.
The orc is moderately wounded.
The orc closely misses you. The orc barely misses you.
You hit the orc but do no damage. You punch the orc, but do no damage.
The orc is moderately wounded.
The orc barely misses you.
You barely miss the orc.
The orc is moderately wounded.
The orc barely misses you.
Casting: Poisonous Vapours (safe; 7% risk of failure)
Confirm with . or Enter, or press ? or * to list all spells.
Aiming: Poisonous Vapours (safe; 7% risk of failure)
Press: ? - help, Dir - move target, f/p - orc priest
Aim: an orc priest, wielding a +0 dagger and wearing a +0 scale mail (severely wounded, very poisoned)
Okay, then.
You whack the orc! You burn the orc.
You kill the orc!
Sif Muna accepts your kill.
The orc priest looks braver for a moment.
You whack the orc! You burn the orc.
You kill the orc!
Sif Muna accepts your kill.
Casting: Poisonous Vapours (safe; 7% risk of failure)
Confirm with . or Enter, or press ? or * to list all spells.
Aiming: Sting (safe; 3% risk of failure)
Press: ? - help, Shift-Dir - straight line, f/p - orc priest
Aim: an orc priest, wielding a +0 dagger and wearing a +0 scale mail (almost dead, very poisoned, 77% to hit)
The sting hits the orc priest.
The orc priest looks even sicker.
You kill the orc priest!
Sif Muna accepts your kill.
Your Conjurations skill increases to level 2!
Your Fire Magic skill increases to level 2!
Okay, then.
Casting: Sting (safe; 3% risk of failure)
Confirm with . or Enter, or press ? or * to list all spells.
Aiming: Sting (safe; 3% risk of failure)
Press: ? - help, Shift-Dir - straight line, f - orc
Aim: an orc, wielding a +0 club (74% to hit)
The sting hits the orc.
The orc is poisoned.
The orc is moderately wounded.
* * * LOW MAGIC WARNING * * *
You barely miss the orc.
The orc is heavily wounded.
The orc completely misses you.
You closely miss the orc.
The orc is heavily wounded.
The orc hits you but does no damage.
You whack the orc! You burn the orc.
You kill the orc!
Sif Muna accepts your kill.
Items here: ( )))) [[ †††.
Things that are here:
a +0 dagger; a +0 scale mail A dart slug comes into view.
The dart slug launches a dart at you. The slug dart hits you.
The dart slug launches a dart at you. The slug dart hits you.
Casting: Sting (safe; 3% risk of failure)
Confirm with . or Enter, or press ? or * to list all spells.
Aiming: Poisonous Vapours (safe; 6% risk of failure)
Press: ? - help, Dir - move target, f - dart slug
Aim: a dart slug Poisonous vapours surround the dart slug!
The dart slug is poisoned.
Casting: Poisonous Vapours (safe; 6% risk of failure)
Confirm with . or Enter, or press ? or * to list all spells.
You can't see any susceptible monsters within range! (Use Z to cast anyway.) Unknown command.
Casting: Poisonous Vapours (safe; 6% risk of failure)
Confirm with . or Enter, or press ? or * to list all spells.
Aiming: Sting (safe; 3% risk of failure)
Press: ? - help, Shift-Dir - straight line, f/p - dart slug
Aim: a dart slug (heavily wounded, poisoned, 100% to hit)
The sting hits the dart slug.
The dart slug looks even sicker.
The dart slug is heavily wounded.
You hit the dart slug. You burn the dart slug.
You kill the dart slug!
Sif Muna accepts your kill.
You see here a dart slug corpse.
Found a flail.
k - 5 scrolls labelled ZOCKID WISIVIL (gained 1)
Found a robe.
Found a book of Geomancy.
You see here a +0 robe.
A hound comes into view.
The hound barks!
A hound comes into view.
The hound barks!
You see here a +0 robe.
The hound closely misses you. The hound barely misses you.
Casting: Sting (safe; 3% risk of failure)
Confirm with . or Enter, or press ? or * to list all spells.
Aiming: Poisonous Vapours (safe; 6% risk of failure)
Press: ? - help, Dir - move target, f - hound
Aim: a hound Poisonous vapours surround the hound!
The hound is poisoned.
The hound bites you.
Casting: Poisonous Vapours (safe; 6% risk of failure)
Confirm with . or Enter, or press ? or * to list all spells.
Aiming: Sting (safe; 3% risk of failure)
Press: ? - help, Shift-Dir - straight line, f/p - hound
Aim: a hound (poisoned, 64% to hit)
The sting hits the hound but does no damage.
The hound looks even sicker.
The hound bites you. The hound closely misses you.
Casting: Sting (safe; 3% risk of failure)
Confirm with . or Enter, or press ? or * to list all spells.
Aiming: Sting (safe; 3% risk of failure)
Press: ? - help, Shift-Dir - straight line, f/p - hound
Aim: a hound (very poisoned, 64% to hit)
The sting hits the hound.
The hound looks even sicker.
The hound is lightly wounded.
The hound bites you.
You barely miss the hound.
The hound is lightly wounded.
The hound bites you. x2
You whack the hound! You burn the hound.
The hound is severely wounded.
You kill the hound!
Sif Muna accepts your kill. The hound bites you but does no damage.
Casting: Sting (safe; 3% risk of failure)
Confirm with . or Enter, or press ? or * to list all spells.
Aiming: Sting (safe; 3% risk of failure)
Press: ? - help, Shift-Dir - straight line, f - hound
Aim: a hound (64% to hit)
The sting misses the hound.
The hound barely misses you.
Casting: Sting (safe; 3% risk of failure)
Confirm with . or Enter, or press ? or * to list all spells.
Aiming: Sting (safe; 3% risk of failure)
Press: ? - help, Shift-Dir - straight line, f/p - hound
Aim: a hound (64% to hit)
The sting hits the hound.
The hound is poisoned.
The hound is moderately wounded.
The hound closely misses you. The hound bites you but does no damage.
Casting: Sting (safe; 3% risk of failure)
Confirm with . or Enter, or press ? or * to list all spells.
Aiming: Sting (safe; 3% risk of failure)
Press: ? - help, Shift-Dir - straight line, f/p - hound
Aim: a hound (moderately wounded, poisoned, 64% to hit)
The sting hits the hound but does no damage.
The hound looks even sicker.
The hound is moderately wounded.
The hound bites you.
You whack the hound! You burn the hound.
The hound is almost dead.
You kill the hound!
Sif Muna accepts your kill.
You have reached level 7!
You pick up a book of Geomancy and begin reading...
You add the spells Sandblast, Passwall and Stone Arrow to your library.
Found 5 stones.
Found a potion of magic.
Okay, then.
Okay, then.
This spell is dangerous to cast!
Memorise Stone Arrow, consuming 3 spell levels and leaving 0?
You start memorising the spell.
You continue memorising. x3
You finish memorising.
Spell assigned to 'd'.
An orc wizard comes into view. It is wielding a +0 dagger.
The orc wizard shouts!
You hear a shout!
You hear a howl!
An orc comes into view. It is wielding a +0 short sword.
You see here a potion of magic.
b - 3 potions of magic (gained 1)
A howler monkey comes into view.
The howler monkey howls!
The howler monkey hoots and howls with incredible vigour!
You hear a shout!
The orc wizard casts a spell.
The orc wizard flickers and vanishes!
Deactivating autopickup; reactivate with Ctrl-A.
There is a stone staircase leading up here.
Casting: Sting (safe; 3% risk of failure)
Confirm with . or Enter, or press ? or * to list all spells.
Aiming: Poisonous Vapours (safe; 6% risk of failure)
Press: ? - help, Dir - move target Poisonous vapours surround something!
The phantom hits you.
You climb upwards.
Level annotation: 1 runed translucent door, MrElixer's ghost, amateur MiBe Reactivating autopickup.
There is a stone staircase leading down here.
You barely miss the phantom. The phantom closely misses you.
You closely miss the phantom. The phantom misses you.
You hit the phantom. You burn the phantom.
The phantom is lightly damaged.
The phantom closely misses you.
You completely miss the phantom.
The phantom is lightly damaged.
The phantom closely misses you.
You hit the phantom but do no damage.
The phantom is lightly damaged.
The phantom hits you.
You hit the phantom. You burn the phantom.
The phantom is moderately damaged.
The phantom hits you.
The phantom blinks!
You blink.
You miss the phantom.
The phantom is moderately damaged.
The phantom hits you but does no damage.
You completely miss the phantom.
The phantom is moderately damaged.
The phantom misses you.
You whack the phantom! You burn the phantom.
You destroy the phantom!
Sif Muna accepts your kill.
Your Conjurations skill increases to level 3!
Your Fire Magic skill increases to level 3!
No target in view!
No target in view!
No target in view!
No target in view!
No target in view!
No target in view!
No target in view!
No target in view!
No target in view!
No target in view!
No target in view!
No target in view!
There is a stone staircase leading down here.
You climb downwards.
There is a stone staircase leading up here.
Found Kici's Jewellery Shoppe.
Found a robe.
HP restored.
You open the door.
There is an open door here.
There is an entrance to Kici's Jewellery Shoppe here.
Why would you want to do that?
Unknown command.
As you open the door, it creaks loudly!
Found 13 gold pieces.
There is an open door here.
You now have 168 gold pieces (gained 13).
Found a stone staircase leading down.
There is a stone staircase leading down here.
You climb downwards.
The orc shouts!
The killer bee buzzes angrily. x2; The orc shouts!
You hear a shout!
Found a scroll labelled HUTEAB FE BER.
Found a stone staircase leading down.
There is a stone staircase leading up here.
You climb upwards.
There is a stone staircase leading down here.
A phantom comes into view.
You closely miss the phantom. The phantom hits you.
The phantom blinks!
You blink.
You closely miss the phantom.
The phantom hits you but does no damage.
You whack the phantom! You burn the phantom.
The phantom is moderately damaged.
The phantom hits you.
The phantom blinks!
You blink.
You hit the phantom. You burn the phantom.
The phantom is severely damaged.
The phantom hits you!
You hit the phantom. You burn the phantom.
The phantom is almost destroyed.
The phantom barely misses you.
You hit the phantom. You burn the phantom.
You destroy the phantom!
Sif Muna accepts your kill.
Training target 7.0 for Poison Magic reached!
Your Poison Magic skill increases to level 7!
No target in view!
No target in view!
No target in view!
No target in view!
No target in view!
No target in view!
No target in view!
Found a quarterstaff.
Found a robe and a short silver wand.
Found a stone staircase leading down.
A phantom comes into view.
Found a black potion.
Casting: Poisonous Vapours (safe; 5% risk of failure)
Confirm with . or Enter, or press ? or * to list all spells.
Aiming: Poisonous Vapours (safe; 5% risk of failure)
Press: ? - help, Dir - move target, f - howler monkey
Aim: a howler monkey Poisonous vapours surround the howler monkey!
The howler monkey is poisoned.
Casting: Poisonous Vapours (safe; 5% risk of failure)
Confirm with . or Enter, or press ? or * to list all spells.
Aiming: Poisonous Vapours (safe; 5% risk of failure)
Press: ? - help, Dir - move target, f/p - howler monkey
Aim: a howler monkey (poisoned) Poisonous vapours surround the howler monkey!
The howler monkey looks even sicker.
An orc comes into view. It is wielding a +0 dagger.
The orc shouts!
The howler monkey hoots and howls with incredible vigour!
You hear a shout! x4
The howler monkey hoots and howls with incredible vigour!
You hear a shout! x3
You see here a wand of mindburst (3).
d - a wand of mindburst (3)
An iguana comes into view.
There is a stone staircase leading down here.
Casting: Poisonous Vapours (safe; 5% risk of failure)
Confirm with . or Enter, or press ? or * to list all spells.
Aiming: Poisonous Vapours (safe; 5% risk of failure)
Press: ? - help, Dir - move target, f/p - howler monkey
Aim: a howler monkey (moderately wounded, poisoned) Poisonous vapours surround the howler monkey!
The howler monkey looks even sicker.
Casting: Poisonous Vapours (safe; 5% risk of failure)
Confirm with . or Enter, or press ? or * to list all spells.
Aiming: Sting (safe; 3% risk of failure)
Press: ? - help, Shift-Dir - straight line, f/p - howler monkey
Aim: a howler monkey (moderately wounded, very poisoned, 71% to hit)
The sting hits the howler monkey.
The howler monkey looks even sicker.
The howler monkey is moderately wounded.
You closely miss the howler monkey.
The howler monkey is moderately wounded.
An orc comes into view. It is wielding a +0 hand axe.
An iguana comes into view.
The howler monkey barely misses you.
The iguana hisses angrily.
The orc shouts!
The howler monkey hoots and howls with incredible vigour!
The howler monkey hits you but does no damage.
The orc shouts!
You hear a shout! x2
You climb downwards.
There is a stone staircase leading up here.
You whack the howler monkey! You burn the howler monkey.
You kill the howler monkey!
Sif Muna accepts your kill.
Magic restored.
Found 5 stones.
Found an agate ring.
t - a +4 ring of slaying
t - a +4 ring of slaying (left hand)
An orc comes into view. It is wielding a +0 hand axe.
Casting: Sting (safe; 3% risk of failure)
Confirm with . or Enter, or press ? or * to list all spells.
Aiming: Poisonous Vapours (safe; 5% risk of failure)
Press: ? - help, Dir - move target, f - orc
Aim: an orc, wielding a +0 hand axe (wandering, hasn't noticed you) Poisonous vapours surround the orc!
The orc is poisoned.
The orc shouts!
Casting: Poisonous Vapours (safe; 5% risk of failure)
Confirm with . or Enter, or press ? or * to list all spells.
You can't see any susceptible monsters within range! (Use Z to cast anyway.) Unknown command.
You open the door.
Casting: Poisonous Vapours (safe; 5% risk of failure)
Confirm with . or Enter, or press ? or * to list all spells.
Aiming: Poisonous Vapours (safe; 5% risk of failure)
Press: ? - help, Dir - move target, f/p - orc
Aim: an orc, wielding a +0 hand axe (moderately wounded) Poisonous vapours surround the orc!
The orc is poisoned.
Casting: Poisonous Vapours (safe; 5% risk of failure)
Confirm with . or Enter, or press ? or * to list all spells.
Aiming: Poisonous Vapours (safe; 5% risk of failure)
Press: ? - help, Dir - move target, f/p - orc
Aim: an orc, wielding a +0 hand axe (heavily wounded, poisoned) Poisonous vapours surround the orc!
The orc looks even sicker.
An ice beast comes into view.
Found a club.
There is an open door here.
You kill the orc!
Sif Muna accepts your kill.
There is an open door here.
You close the door.
You open the door.
There is an open door here.
Magic restored.
A scorpion comes into view.
A scorpion is nearby!
Casting: Poisonous Vapours (safe; 5% risk of failure)
Confirm with . or Enter, or press ? or * to list all spells.
Aiming: Poisonous Vapours (safe; 5% risk of failure)
Press: ? - help, Dir - move target, f - scorpion
Aim: a scorpion (asleep) Poisonous vapours surround the scorpion!
The scorpion is poisoned.
Casting: Poisonous Vapours (safe; 5% risk of failure)
Confirm with . or Enter, or press ? or * to list all spells.
Aiming: Poisonous Vapours (safe; 5% risk of failure)
Press: ? - help, Dir - move target, f/p - scorpion
Aim: a scorpion (lightly wounded, poisoned) Poisonous vapours surround the scorpion!
The scorpion looks even sicker.
Casting: Poisonous Vapours (safe; 5% risk of failure)
Confirm with . or Enter, or press ? or * to list all spells.
Aiming: Sting (safe; 3% risk of failure)
Press: ? - help, Shift-Dir - straight line, f/p - scorpion
Aim: a scorpion (severely wounded, very poisoned, 74% to hit)
The sting hits the scorpion.
The scorpion looks even sicker.
The scorpion is almost dead.
You kill the scorpion!
Sif Muna accepts your kill.
Your Conjurations skill increases to level 4!
Your Fire Magic skill increases to level 4!
You open the door.
Found a stone staircase leading down.
There is an open door here.
There is a stone staircase leading down here.
You open the door.
An adder comes into view.
The adder hisses angrily.
Found a stone staircase leading down.
Casting: Sting (safe; 3% risk of failure)
Confirm with . or Enter, or press ? or * to list all spells.
Aiming: Poisonous Vapours (safe; 5% risk of failure)
Press: ? - help, Dir - move target, f - adder
Aim: an adder Poisonous vapours surround the adder!
The adder is poisoned.
Casting: Poisonous Vapours (safe; 5% risk of failure)
Confirm with . or Enter, or press ? or * to list all spells.
Aiming: Sting (safe; 3% risk of failure)
Press: ? - help, Shift-Dir - straight line, f/p - adder
Aim: an adder (lightly wounded, poisoned, 57% to hit)
The sting hits the adder.
The adder looks even sicker.
The adder is heavily wounded.
The adder bites you.
You barely miss the adder.
The adder is heavily wounded.
The adder barely misses you. The adder bites you.
You barely miss the adder.
The adder is heavily wounded.
The adder bites you.
You are poisoned.
The adder poisons you!
You whack the adder! You burn the adder.
You kill the adder!
Sif Muna accepts your kill.
You feel sick.
You feel sick.
There is an open door here.
You see here an adder corpse.
You feel sick.
You feel sick.
You feel sick.
You feel sick.
You are no longer poisoned.
Okay, then.
There is an open door here.
You see here an adder corpse.
HP restored.
You open the door.
There is an open door here.
Found a book of Changes.
You pick up a book of Changes and begin reading...
You add the spells Beastly Appendage, Wereblood and Spider Form to your library.
You open the door.
There is an open door here.
Found a dagger.
An adder comes into view.
Found 2 stones.
The adder hisses angrily.
Casting: Sting (safe; 3% risk of failure)
Confirm with . or Enter, or press ? or * to list all spells.
Aiming: Poisonous Vapours (safe; 5% risk of failure)
Press: ? - help, Dir - move target, f - adder
Aim: an adder Poisonous vapours surround the adder!
The adder is poisoned.
Casting: Poisonous Vapours (safe; 5% risk of failure)
Confirm with . or Enter, or press ? or * to list all spells.
Aiming: Poisonous Vapours (safe; 5% risk of failure)
Press: ? - help, Dir - move target, f/p - adder
Aim: an adder (poisoned) Poisonous vapours surround the adder!
The adder looks even sicker.
The adder bites you.
You are poisoned.
The adder poisons you!
You feel sick.
Casting: Poisonous Vapours (safe; 5% risk of failure)
Confirm with . or Enter, or press ? or * to list all spells.
Aiming: Sting (safe; 3% risk of failure)
Press: ? - help, Shift-Dir - straight line, f/p - adder
Aim: an adder (severely wounded, very poisoned, 57% to hit)
The sting misses the adder.
You feel sick. The adder bites you.
You feel sick. The adder bites you but does no damage.
The adder attacks as you move away! The adder closely misses you.
You feel sick.
You feel sick.
You are no longer poisoned.
The adder closely misses you.
Casting: Sting (safe; 3% risk of failure)
Confirm with . or Enter, or press ? or * to list all spells.
Aiming: Sting (safe; 3% risk of failure)
Press: ? - help, Shift-Dir - straight line, f/p - adder
Aim: an adder (almost dead, poisoned, 57% to hit)
The sting hits the adder.
The adder looks even sicker.
You kill the adder!
Sif Muna accepts your kill.
You open the door.
There is an open door here.
A howler monkey zombie comes into view.
A howler monkey zombie is nearby!
A howler monkey zombie is nearby!
You open the door. The howler monkey zombie hits you.
You whack the howler monkey zombie! You burn the howler monkey zombie.
The howler monkey zombie is almost destroyed.
The howler monkey zombie hits you.
You whack the howler monkey zombie! You burn the howler monkey zombie.
You destroy the howler monkey zombie!
Sif Muna accepts your kill.
You have reached level 8!
You open the door.
You open the door. 2 centaur zombies come into view.
There is an open door here.
The centaur zombie attacks as you move away!
The centaur zombie barely misses you. The centaur zombie closely misses you.
You whack the centaur zombie! You burn the centaur zombie.
The centaur zombie is heavily damaged.
The centaur zombie misses you.
The centaur zombie kicks you but does no damage.
The centaur zombie completely misses you.
The centaur zombie barely misses you.
You whack the centaur zombie! You burn the centaur zombie.
You destroy the centaur zombie!
Sif Muna accepts your kill.
The centaur zombie completely misses you.
The centaur zombie kicks you but does no damage.
You hit the centaur zombie. You burn the centaur zombie.
The centaur zombie is moderately damaged.
The centaur zombie closely misses you. The centaur zombie barely misses you.
You whack the centaur zombie! You burn the centaur zombie.
The centaur zombie is almost destroyed.
The centaur zombie misses you. The centaur zombie kicks you.
The centaur zombie hits you.
The centaur zombie kicks you but does no damage.
You hit the centaur zombie but do no damage.
You punch the centaur zombie.
The centaur zombie is almost destroyed.
The centaur zombie hits you. The centaur zombie misses you.
You completely miss the centaur zombie.
The centaur zombie is almost destroyed.
The centaur zombie misses you.
The centaur zombie kicks you but does no damage.
You whack the centaur zombie! You burn the centaur zombie.
You destroy the centaur zombie!
Sif Muna accepts your kill.
There is an open door here.
Found a basalt altar of Yredelemnul.
A howler monkey zombie and a bullfrog zombie come into view.
The bullfrog zombie moves out of view.
A bullfrog zombie comes into view.
The bullfrog zombie hits you.
The bullfrog zombie hits you. x2; The bullfrog zombie misses you.
The bullfrog zombie hits you.
The bullfrog zombie hits you but does no damage.
There is an open door here.
The bullfrog zombie attacks as you move away!
The bullfrog zombie hits you.
The bullfrog zombie attacks as you move away!
The bullfrog zombie closely misses you.
You whack the bullfrog zombie! You burn the bullfrog zombie.
The bullfrog zombie is severely damaged.
The bullfrog zombie hits you. x2
You closely miss the bullfrog zombie.
The bullfrog zombie is severely damaged.
The bullfrog zombie completely misses you.
You thrash the bullfrog zombie!! You burn the bullfrog zombie.
You destroy the bullfrog zombie!
Sif Muna accepts your kill.
You can now call upon Sif Muna for magical energy.
You whack the howler monkey zombie! You burn the howler monkey zombie.
You punch the howler monkey zombie!
The howler monkey zombie is almost destroyed.
The howler monkey zombie barely misses you.
You whack the howler monkey zombie! You burn the howler monkey zombie.
You destroy the howler monkey zombie!
Sif Muna accepts your kill.
You whack the bullfrog zombie! You burn the bullfrog zombie.
The bullfrog zombie is moderately damaged.
The bullfrog zombie barely misses you. The bullfrog zombie hits you.
You whack the bullfrog zombie! You burn the bullfrog zombie.
The bullfrog zombie is almost destroyed.
The bullfrog zombie hits you.
You are too injured to fight recklessly!
You are too injured to fight recklessly!
You are too injured to fight recklessly!
You are too injured to fight recklessly!
You are too injured to fight recklessly!
You are too injured to fight recklessly!
You are too injured to fight recklessly!
You hit the bullfrog zombie. You burn the bullfrog zombie.
You destroy the bullfrog zombie!
Sif Muna accepts your kill.
There is an open door here.
There is an open door here.
There is an open door here.
As you open the door, it creaks loudly!
Maggie and a centaur come into view.
Maggie shouts!
The centaur shouts!
The centaur wields a +0 shortbow.
The centaur shoots an arrow.
The arrow hits you!
Found a clear potion.
The centaur shoots an arrow.
The arrow closely misses you.
Maggie gestures wildly while chanting.
Maggie attempts to bespell you! You resist with almost no effort.
The centaur shoots an arrow.
The arrow hits you!
There is an open door here.
The centaur shoots an arrow.
The arrow hits you!
* * * LOW HITPOINT WARNING * * *
Aiming: Mindburst
Press: ? - help, Shift-Dir - straight line, f - Maggie
Aim: Maggie, wielding a +0 long sword and wearing +0 steam dragon scales (chance to affect: 64%)
Okay, then.
Okay, then.
Okay, then.
Casting: Sting (safe; 3% risk of failure)
Confirm with . or Enter, or press ? or * to list all spells.
Aiming: Poisonous Vapours (safe; 5% risk of failure)
Press: ? - help, Dir - move target, f - Maggie
Aim: Maggie, wielding a +0 long sword and wearing +0 steam dragon scales
Okay, then.
Press: ? - help, v - describe, . - travel The floor.
As you read the scroll labelled QOUNUSTRAGYE, it crumbles to dust.
You feel strangely unstable.
It was a scroll of teleportation.
Maggie hits you with a +0 long sword.
* * * LOW HITPOINT WARNING * * *
Casting: Poisonous Vapours (safe; 5% risk of failure)
Confirm with . or Enter, or press ? or * to list all spells.
Aiming: Poisonous Vapours (safe; 5% risk of failure)
Press: ? - help, Dir - move target, f - Maggie
Aim: Maggie, wielding a +0 long sword and wearing +0 steam dragon scales Poisonous vapours surround Maggie!
Maggie is poisoned.
Maggie closely misses you.
Casting: Poisonous Vapours (safe; 5% risk of failure)
Confirm with . or Enter, or press ? or * to list all spells.
Aiming: Sting (safe; 3% risk of failure)
Press: ? - help, Shift-Dir - straight line, f/p - Maggie
Aim: Maggie, wielding a +0 long sword and wearing +0 steam dragon scales (lightly wounded, poisoned, 74% to hit)
The sting misses Maggie.
Your surroundings seem slightly different.
The centaur shoots an arrow.
The arrow hits you!
* * * LOW HITPOINT WARNING * * *
As you read the scroll of teleportation, it crumbles to dust.
You feel strangely unstable. Maggie hits you with a +0 long sword!
* * * LOW HITPOINT WARNING * * *
It was a potion of curing.
You feel better.
The centaur unwields a +0 shortbow.
The centaur hits you but does no damage.
The centaur barely misses you. Maggie hits you with a +0 long sword!
* * * LOW HITPOINT WARNING * * *
You feel better. The centaur barely misses you. The centaur closely misses you.
The centaur hits you.
* * * LOW HITPOINT WARNING * * *
The centaur barely misses you. Maggie completely misses you.
It was a potion of mutation.
You feel extremely strange.
Your attunement to dungeon structure grows.
Maggie looks more healthy.
The centaur barely misses you. x2
Maggie hits you with a +0 long sword!
You die...

.#'###............
.........#####........# *
.........# ,.#........# ,
, .........#,..#........+
,,
.........#...#........#,,
, .........#...#..!.....#
,,
.........'...#........# ,
* .........#...#........#
* .........#####..@.....#
###.....##...###@c...## ,
..#.....#......'.....# ,
, ..#.....'......#.....#,
, ..#.....#......#.....#
,*
..'.....#......#.....#,
###.....########.....#
####### #######


You could see Maggie and a centaur.

Vanquished Creatures
  2 phantoms
  A scorpion (D:6)
  A howler monkey (D:6)
  2 centaur zombies (D:6)
  2 bullfrog zombies (D:6)
  2 hounds (D:5)
  An orc priest (D:5)
  A gnoll bouda (D:4)
  An iguana (D:4)
  2 howler monkey zombies (D:6)
  9 adders
  4 dart slugs
  10 orcs
  5 bats
  5 endoplasms
  6 giant cockroaches
  7 goblins
  9 hobgoblins
  2 jackals (D:1)
  8 kobolds
  2 quokkas
  12 ball pythons
  3 frilled lizards
  4 rats
101 creatures vanquished.

Notes
Turn   | Place    | Note
-------+----------+-------------------------------------------
     0 | D:1      | Leon the Meteoran Venom Mage began the quest for the Orb.
     0 | D:1      | Reached XP level 1. HP: 14/14 MP: 5/5
    52 | D:1      | Reached skill level 4 in Poison Magic
    67 | D:1      | Reached XP level 2. HP: 16/20 MP: 4/6
    86 | D:1      | Learned a level 2 spell: Poisonous Vapours
   113 | D:1      | HP: 9/20 [quokka (5)]
   188 | D:1      | Reached XP level 3. HP: 26/26 MP: 6/8
   315 | D:1      | Reached skill level 5 in Poison Magic
   487 | D:2      | Reached XP level 4. HP: 31/33 MP: 3/9
   540 | D:2      | Found a faded altar of an unknown god.
   637 | D:2      | Reached skill level 1 in Short Blades
   662 | D:2      | HP: 16/33 [poisoned by an adder]
   730 | D:2      | Found Tiasamup's Armour Shop.
   912 | D:3      | Reached XP level 5. HP: 37/38 MP: 8/10
   948 | D:3      | Found a runed translucent door.
   949 | D:3      | Noticed Crazy Yiuf
  1076 | D:3      | Identified the +10 whip of the Moon {flame, *Slow rElec
                  | Will+++ Dex-5}
  1083 | D:3      | Identified the +4 chain mail of the Original Sin {Fly rF+
                  | Slay+3}
  1123 | D:4      | Reached skill level 2 in Stealth
  1124 | D:4      | Found a runed translucent door.
  1130 | D:4      | Noticed MrElixer's ghost (amateur MiBe)
  1410 | D:5      | Entered Level 5 of the Dungeon
  1432 | D:4      | Learned a level 5 spell: Fireball
  1511 | D:4      | Found a shimmering blue altar of Sif Muna.
  1514 | D:4      | Became a worshipper of Sif Muna the Loreminder
  1690 | D:4      | HP: 12/38 [gnoll bouda/+0 whip (9)]
  1698 | D:4      | Reached skill level 1 in Conjurations
  1698 | D:4      | Reached skill level 1 in Fire Magic
  1698 | D:4      | Reached skill level 6 in Poison Magic
  1698 | D:4      | Reached XP level 6. HP: 34/45 MP: 11/11
  1702 | D:4      | HP: 14/45 [iguana (10)]
  1713 | D:4      | Found a shimmering altar of Xom.
  1755 | D:5      | HP: 21/45 [poisoned by an adder]
  1760 | D:5      | HP: 16/45 [poisoned by an adder]
  1838 | D:4      | You fall into a shaft and drop 1 floor!
  1864 | D:5      | Reached skill level 2 in Conjurations
  1864 | D:5      | Reached skill level 2 in Fire Magic
  1940 | D:5      | Reached XP level 7. HP: 32/50 MP: 6/12
  1960 | D:5      | Learned a level 3 spell: Stone Arrow
  1988 | D:4      | Reached skill level 3 in Conjurations
  1988 | D:4      | Reached skill level 3 in Fire Magic
  2031 | D:5      | Found Kici's Jewellery Shoppe.
  2098 | D:5      | Reached skill level 7 in Poison Magic
  2187 | D:6      | Reached skill level 4 in Conjurations
  2187 | D:6      | Reached skill level 4 in Fire Magic
  2313 | D:6      | Reached XP level 8. HP: 52/57 MP: 13/13
  2333 | D:6      | Found a basalt altar of Yredelemnul.
  2344 | D:6      | Reached * piety under Sif Muna
  2378 | D:6      | Noticed Maggie
  2380 | D:6      | HP: 26/57 [centaur/arrow (9)]
  2384 | D:6      | HP: 8/57 [Maggie/+0 long sword (9)]
  2387 | D:6      | Gained mutation: You passively map the area around you.
                  | [potion of mutation]
  2387 | D:6      | Slain by Maggie

Illustrated notes

Levels and vault maps discovered:
D:1:      dpeg_arrival_short_road, layout_rooms
D:2:      layout_basic, shapermc_ecumenical_altar_starsandcircs, serial_shops,
          nicolae_shop_crystal, grunt_decor_one_mirror,
          minmay_misc_feat_four_crosses
D:3:      layout_rooms, nemelex_diamond_rough_becter, uniq_crazy_yiuf_cottage
D:4:      layout_basic, kennysheep_mini, xom_confusion_cloud,
          ebering_ghost_sewer_f, uniq_eustachio
D:5:      layout_rooms, serial_shops, nicolae_shop_hallway_plus,
          chequers_serial_rivers_micro_a
D:6:      layout_gridville, nicolae_yredelemnul_corpse_copse,
          makhleb_altar_promises_db, uniq_maggie

Skill      XL: |  1  2  3  4  5  6  7 |
---------------+----------------------+-----
Poison Magic   | 4 5 6 7 |  7.0
Short Blades   | 1 |  1.6
Stealth        | 2 |  2.0
Conjurations   | 1 2 4 |  4.9
Fire Magic     | 1 2 4 |  4.9
Dodging        | |  2.4
Spellcasting   | |  2.6
Transmutations | |  1.2

Action                   |  1- 3 |  4- 6 |  7- 9 || total
-------------------------+-------+-------+-------++-------
Melee: Unarmed           |     4 |       |       ||     4
       Club              |    12 |     3 |       ||    15
       Short sword       |       |    10 |       ||    10
       Whip              |       |    42 |    37 ||    79
       Dagger            |       |     9 |       ||     9
       Punch             |       |     1 |     2 ||     3
 Cast: Sting             |    46 |    54 |     6 ||   106
       Poisonous Vapours |     1 |    45 |    13 ||    59
  Use: Potion            |       |     1 |     3 ||     4
       Scroll            |       |       |     2 ||     2
Armor: Robe              |    15 |    31 |    10 ||    56
Dodge: Dodged            |    26 |    43 |    35 ||   104
